 Dungeon Crawl Stone Soup version 0.25.0-26-g0c896c7088 (webtiles) character file.

Game seed: 12901109980903571211

64 mortelune the Slasher (level 3, -1/43 HPs)
             Began as a Demonspawn Chaos Knight on July 4, 2020.
             Was a Plaything of Xom.
             Slain by a centaur (6 damage)
             ... on level 2 of the Dungeon.
             The game lasted 00:01:50 (1281 turns).

mortelune the Slasher (Demonspawn Chaos Knight)     Turns: 1281, Time: 00:01:50

Health: -1/43      AC:  6    Str: 13    XL:     3   Next: 91%
Magic:  3/3        EV: 17    Int: 13    God:    Xom [..*...]
Gold:   61         SH:  0    Dex: 12    Spells: 2/2 levels left

rFire    . . .     SeeInvis .   a - +0 falchion (chaos)
rCold    . . .     Gourm    .   (no shield)
rNeg     . . .     Faith    .   b - +2 leather armour
rPois    +         Spirit   .   k - +0 helmet (curse)
rElec    .         Reflect  .   (no cloak)
rCorr    .         Harm     .   (no gloves)
MR       .....                  (no boots)
Stlth    ..........             (no amulet)
HPRegen  0.14/turn              P - ring of poison resistance
MPRegen  0.08/turn              (no ring)

@: mighty, agile, berserking, very slightly contaminated, invisible, very quick
A: powered by pain 1
a: Renounce Religion


You were on level 2 of the Dungeon.
You worshipped Xom.
You were a toy of Xom.
You were not hungry.

You visited 1 branch of the dungeon, and saw 2 of its levels.

You collected 61 gold pieces.

Inventory:

Hand Weapons
 a - a +0 falchion of chaos (weapon)
Armour
 b - a +2 leather armour (worn)
 e - a cursed +0 robe
 k - a cursed +0 helmet (worn)
Jewellery
 P - a ring of poison resistance (left hand)
Scrolls
 d - 2 scrolls of enchant armour {unknown}
 f - a scroll of amnesia {unknown}
 g - a scroll of identify {unknown}
 i - a scroll of teleportation {unknown}
Potions
 h - a potion of berserk rage
 l - 2 potions of flight {unknown}
Comestibles
 c - 3 rations
 j - 6 chunks of flesh


   Skills:
 + Level 3.5 Fighting
 * Level 3.6 Long Blades
 - Level 1.7 Armour
 + Level 1.8 Dodging


You had 2 spell levels left.
You didn't know any spells.
Your spell library was empty.

Dungeon Overview and Level Annotations

Branches:
Dungeon (2/15)

Altars:
Nemelex Xobeh


Innate Abilities, Weirdness & Mutations

You sometimes gain a little power by taking damage.


Message History

The centaur unwields a +0 shortbow.
The centaur hits you.
You focus on the pain.
You feel very mighty all of a sudden. The centaur hits you.
You catch the helpless centaur completely off-guard!
You hit the centaur.
The centaur flickers and vanishes!
Deactivating autopickup; reactivate with Ctrl-A.
Xom is highly amused!
It was a potion of berserk rage.
A red film seems to cover your vision as you go berserk!
You feel yourself moving faster!
You feel mighty!
Xom thinks this is hilarious!
Something hits you.
You hit something.
Nothing appears to happen.
Something hits you.
* * * LOW HITPOINT WARNING * * *
You hit something. Something hits you.
* * * LOW HITPOINT WARNING * * *
You miss something. Something hits you but does no damage. Something hits you.
You die... "Huh?
Did I miss anything?"

..... ..... ... ...
#.# . #.# .. ##### #.#
#.$.
###...##########(#
.gK.
................@##.g#
.##...######.###({g..#
####.## #.###.##.##
#)# #..(..# # #.#
#.###.# #.# #รท# #.#
#.# #.# #.# #.# #.#
#.# #.# .#. #=#


You could see a hobgoblin.

Vanquished Creatures
  2 adders (D:2)
  2 dart slugs (D:1)
  2 leopard geckos
  3 bats (D:1)
  4 giant cockroaches
  8 goblins (D:1)
  5 hobgoblins
  5 kobolds
  A quokka (D:2)
  2 ball pythons (D:1)
  A frilled lizard (D:1)
  3 rats (D:1)
38 creatures vanquished.

Vanquished Creatures (others)
  A kobold (D:2)
1 creature vanquished.

Grand Total: 39 creatures vanquished

Notes
Turn   | Place    | Note
-------+----------+-------------------------------------------
     0 | D:1      | mortelune the Demonspawn Chaos Knight began the quest for
                  | the Orb.
     0 | D:1      | Reached XP level 1. HP: 18/18 MP: 1/1
    16 | D:1      | XOM: potion effect (haste)
    20 | D:1      | Reached skill level 1 in Dodging
    65 | D:1      | Gained mutation: You sometimes gain a little power by
                  | taking damage. [demonic ancestry]
    65 | D:1      | Reached XP level 2. HP: 20/24 MP: 2/2
   122 | D:1      | XOM: silly message
   296 | D:1      | Found a sparkling altar of Nemelex Xobeh.
   706 | D:1      | Reached XP level 3. HP: 24/29 MP: 3/3
   882 | D:1      | XOM: enchant monster (bad)
  1265 | D:2      | Noticed a centaur
  1267 | D:2      | XOM: potion effect (invisibility)
  1281 | D:2      | Slain by a centaur

Illustrated notes

Levels and vault maps discovered:
D:1:      dpeg_arrival_yet_another_circle, layout_basic,
          chequers_serial_rivers_marsh, nemelex_diamond_rough_becter
D:2:      layout_loops_ring

Skill      XL: |  1 |
---------------+----+-----
Dodging        | 1 |  1.8
Long Blades    | 3 |  3.6
Fighting       | |  3.5
Armour         | |  1.7

Action                   || total
-------------------------++-------
Melee: Falchion          ||    95
  Use: Potion            ||     1
 Stab: Petrifying        ||     2
       Invisible         ||     1
  Eat: Chunk             ||     1
Armor: Leather armour    ||    30
Dodge: Dodged            ||    58
       Rpst.: Falchion   ||    16
